AoeStats
← 鄙人張麻子

Arena

505602230Analyzed
1v1 RM · 23d ago on Sep 10, 2026· 49m 47s· 2 players
Game mode
Random Map
Map size
Tiny (2 player)
Population
200
Speed
Normal
Resources
Standard
Victory
Conquest
Starting age
Dark Age
Ending age
Imperial Age
RankedLock teamsTeams togetherTeam positionsShared explorationLock speedFull tech treeHidden civsTurbo modeCheats
Victory
Defeat
🇹🇼 Magyars · Taiwan
1138
+13
🇨🇳 Italians · China
1071
-13
666
10:45 Loom
12:54 Feudal Age
17:19 Castle Age
15:44 Double-Bit Axe
16:04 Horse Collar
22:04 Wheelbarrow
31:53 Imperial Age
29:52 Bow Saw
30:50 Hand Cart
31:20 Town Watch
31:30 Fletching
31:58 Heavy Plow
33:48 Chemistry
33:09 Ballistics
33:51 Bodkin Arrow
34:30 Crop Rotation
35:31 Two-Man Saw
35:51 Conscription
35:35 Bracer
35:35 Padded Archer Armor
36:03 Guard Tower
36:06 Elite Skirmisher
38:10 Sanctity
37:20 Pikeman
38:55 Leather Archer Armor
38:51 Forging
39:31 Keep
38:53 Murder Holes
40:16 Thumb Ring
40:47 Bloodlines
39:57 Light Cavalry
40:47 Scale Barding Armor
42:14 Ring Archer Armor
鄙人張麻子
10:59 Feudal Age
14:36 Castle Age
12:39 Horse Collar
13:11 Double-Bit Axe
15:24 Husbandry
15:44 Bow Saw
17:48 Fervor
18:17 Husbandry
19:43 Sanctity
19:31 Heavy Plow
22:36 Wheelbarrow
27:59 Imperial Age
25:44 Fletching
25:47 Loom
26:32 Bodkin Arrow
26:39 Padded Archer Armor
28:37 Ballistics
29:15 Leather Archer Armor
29:06 Bracer
29:23 Leather Archer Armor
30:14 Chemistry
29:18 Gold Mining
29:27 Stone Mining
31:02 Hand Cart
31:21 Thumb Ring
32:31 Parthian Tactics
32:52 Scale Barding Armor
32:59 Bloodlines
33:07 Light Cavalry
34:28 Chain Barding Armor
34:39 Ring Archer Armor
34:32 Conscription
35:50 Plate Barding Armor
35:00 Heavy Cavalry Archer
35:37 Elite Skirmisher
36:17 Town Watch
37:17 Capped Ram
38:45 Gold Shaft Mining
38:07 Hussar
39:36 Crop Rotation
39:46 Treadmill Crane
40:17 Masonry
42:39 Conscription
43:27 Recurve Bow
45:00 Corvinian Army
48:07 Onager
Connection lost

Rejoining the realm…

Still unreachable

The connection could not be restored.

Session expired

The server has moved on; the page needs a fresh start.